 Dungeon Crawl Stone Soup version 0.29.1-1-gd02db6906a (webtiles) character file.

Game seed: 1399553621995422058

28 RogueRain17 the Chopper (level 3, 27/27 HPs)
             Began as a Demonspawn Gladiator on Sept 18, 2022.
             Got out of the dungeon alive.
             The game lasted 00:02:10 (1205 turns).

RogueRain17 the Chopper (Demonspawn Gladiator)      Turns: 1205, Time: 00:02:10

Health: 27/27      AC:  4    Str: 16    XL:     3   Next: 0%
Magic:  3/3        EV: 12    Int:  9    God:
Gold:   70         SH:  0    Dex: 14    Spells: 2/2 levels left

rFire   . . .      SeeInvis .   a - +0 war axe
rCold   . . .      Faith    .   (no shield)
rNeg    . . .      Spirit   .   b - +0 leather armour
rPois   .          Reflect  .   c - +0 helmet
rElec   .          Harm     .   (no cloak)
rCorr   .          Rampage  .   (no gloves)
Will    .....                   (no boots)
Stlth   +.........              (no amulet)
HPRegen 0.09/turn               (no ring)
MPRegen 0.08/turn               (no ring)

@: no status effects
A: spiny 1, demonic touch 1
a: no special abilities


You escaped.
You visited 1 branch of the dungeon, and saw 2 of its levels.

You collected 70 gold pieces.

Inventory:

Hand Weapons
 a - a +0 war axe (weapon)
Missiles
 d - 3 throwing nets (quivered)
 e - a javelin
Armour
 b - a +0 leather armour (worn)
 c - a +0 helmet (worn)
Scrolls
 g - 2 scrolls of identify {unknown}
Potions
 f - a potion of curing {unknown}
 h - a potion of heal wounds {unknown}
 i - a potion of lignification {unknown}
 j - a potion of mutation {unknown}


   Skills:
 - Level 2.0 Fighting
 * Level 3.5 Axes
 - Level 1.7 Throwing
 + Level 3.1 Dodging


You had 2 spell levels left.
You didn't know any spells.
Your spell library contained the following spells:

 Spells                   Type           Power      Damage    Failure   Level
 Fireball                 Conj/Fire      0%         3d3       100%        5
 Starburst                Conj/Fire      0%         6d3       100%        6
 Ignition                 Fire           0%         3d3       100%        8


Dungeon Overview and Level Annotations

Branches:
Dungeon (2/15)

Altars:


Innate Abilities, Weirdness & Mutations

You are partially covered in sharp spines.
Your touch may inflict minor irresistible damage on your foes.


Message History

No target in view!
No target in view!
No target in view!
A jackal comes into view.
You barely miss the jackal. The jackal is struck by your spines.
The jackal bites you but does no damage.
The jackal is struck by your spines. The jackal barely misses you.
You slash the jackal!
You kill the jackal!
Found a stone staircase leading down.
You now have 46 gold pieces (gained 11).
No target in view!
You pick up a book of Fire and begin reading...
You add the spells Fireball, Starburst and Ignition to your library.
Found a pair of gloves.
No target in view!
You now have 55 gold pieces (gained 9).
You open the door.
There is an open door here.
You now have 70 gold pieces (gained 15).
You open the door.
A bat comes into view.
There is an open door here.
A bat is nearby!
The bat is struck by your spines.
You kill the bat!
You have reached level 3!
Your experience leads to an increase in your attributes!
Increase (S)trength, (I)ntelligence, or (D)exterity?
You feel stronger. x2; Your demonic ancestry asserts itself...
Your hands begin to faintly glow with unholy energy.
There is an open door here.
There is a stone staircase leading up here.
You climb upwards.
There is a stone staircase leading down here.
There is a fountain of clear blue water here.
There is an open door here.
There is a staircase leading out of the dungeon here.
Are you sure you want to leave the Dungeon?
This will make you lose the game!
You have escaped!

#...)......# #
##.......#.######
###########.....##.......
#...........(...#########
###..########.#.####.##
#..###### #.........#
#..##...# ###.####.##
###########..##...# #.#
##.## #........##..##.@.#
#.###...##
#.#########..##...#
#.##.###.# #.#
######..##...# #....# #.#
#.# #...##..###'##
####.###.# #.#
#.##....###.##### ##....#
#.# #.....⌠.........#
##.#.# #.#
#..............## #.#.##
#.# #.#######.######
#.#... #.# #.# ####'####
#.####


There were no monsters in sight!

Vanquished Creatures
  A dart slug (D:1)
  An endoplasm (D:1)
  A giant cockroach (D:1)
  3 hobgoblins (D:1)
  2 jackals (D:2)
  2 quokkas (D:1)
  5 ball pythons
  3 bats
  2 frilled lizards (D:1)
  4 kobolds (D:1)
  A rat (D:2)
25 creatures vanquished.

Notes
Turn   | Place    | Note
-------+----------+-------------------------------------------
     0 | D:1      | RogueRain17 the Demonspawn Gladiator began the quest for
                  | the Orb.
     0 | D:1      | Reached XP level 1. HP: 16/16 MP: 1/1
   395 | D:1      | Gained mutation: You are partially covered in sharp spines.
                  | [demonic ancestry]
   395 | D:1      | Reached XP level 2. HP: 22/22 MP: 2/2
  1103 | D:2      | Gained mutation: Your touch may inflict minor irresistible
                  | damage on your foes. [demonic ancestry]
  1103 | D:2      | Reached XP level 3. HP: 27/27 MP: 3/3
  1205 | D:$      | Got out of the dungeon alive.

Illustrated notes

Levels and vault maps discovered:
D:1:      dpeg_arrival_rooms_a, layout_loops_ring
D:2:      layout_basic, shapermc_ecumenical_altar_gd

Skill      XL: |  1  2 |
---------------+-------+-----
Axes           | 3 |  3.5
Dodging        | 3 |  3.1
Fighting       | |  2.0
Throwing       | |  1.7

Action                   || total
-------------------------++-------
Melee: War axe           ||    47
Armor: Leather armour    ||     9
Dodge: Dodged            ||    32
